 Dungeon Crawl Stone Soup version 0.31-a0-232-gb1c03b2570 (webtiles) character file.

Game seed: 8832989604623357555

604 qw the Shooter (level 7, -2/54 (60) HPs)
             Began as a Minotaur Hexslinger on July 7, 2023.
             Was a Follower of Okawaru.
             Slain by a wight
             ... wielding a +4 flail
              (6 damage)
             ... on level 6 of the Dungeon.
             The game lasted 00:01:30 (3597 turns).

qw the Shooter (Minotaur Hexslinger)                Turns: 3597, Time: 00:01:30

HP:   -2/54 (60)    AC: 10    Str: 18    XL:     7   Next: 18%
MP:   5/7           EV: 14    Int:  8    God:    Okawaru [*.....]
Gold: 259           SH:  5    Dex: 15    Spells: 7/8 levels left

rFire   . . .        Y - +0 arbalest
rCold   . . .        (shield currently unavailable)
rNeg    . . .        d - +0 ring mail
rPois   .            (helmet restricted)
rElec   .            n - +0 cloak
rCorr   .            g - +0 pair of gloves
SInv    .            e - +0 pair of boots
Will    .....        k - amulet of reflection
Stlth   ++           f - +6 ring of strength
HPRegen 0.29/turn    (no ring)
MPRegen 0.10/turn

%: reflection
@: heroic, heavily drained
A: horns 2, retaliatory headbutt, dopey 1
a: Renounce Religion, Heroism


You were on level 6 of the Dungeon.
You worshipped Okawaru.
Okawaru was aware of your devotion.
You visited 2 branches of the dungeon, and saw 7 of its levels.

You collected 259 gold pieces.


Innate Abilities, Weirdness & Mutations

You have a pair of horns on your head.
You reflexively headbutt those who attack you in melee.
You are dopey. (Int -2)


   Skills:
 - Level 4.6(9.6) Fighting
 + Level 6.8(11.8) Ranged Weapons
 - Level 2.3(7.3) Armour
 - Level 2.1(7.1) Dodging
 - Level 1.0 Spellcasting
 - Level 2.0 Hexes
 + Level 1.9 Invocations


You had 7 spell levels left.
You knew the following spells:

 Your Spells              Type           Power      Damage    Failure   Level
a - Slow                  Hex            12%        N/A       28%         1

Your spell library contained the following spells:

 Spells                   Type           Power      Damage    Failure   Level
 Inner Flame              Hex/Fire       2%         N/A       77%         3
 Portal Projectile        Hex/Tloc       4%         N/A       77%         3
 Cause Fear               Hex            1%         N/A       95%         4

Inventory:

Hand Weapons
 Y - a +0 arbalest (weapon)
Armour
 d - a +0 ring mail (worn)
 e - a +0 pair of boots (worn)
 g - a +0 pair of gloves (worn)
 n - a +0 cloak (worn)
Jewellery
 b - a ring of fire
 f - a +6 ring of strength (left hand)
 i - a ring of ice
 k - an amulet of reflection (around neck)
Potions
 a - a potion of brilliance {unknown}
 c - a potion of degeneration {unknown}
 h - a potion of mutation
 j - a potion of heal wounds {unknown}
 l - a potion of curing {unknown}
 p - a potion of invisibility {unknown}

Dungeon Overview and Level Annotations

Branches:
Dungeon (6/15)             Temple (1/1) D:4

Altars:
Cheibriados
Dithmenos
Elyvilon
Fedhas
Hepliaklqana
Kikubaaqudgha
Makhleb
Okawaru
Qazlal
Ru
Trog
Uskayaw
Vehumet
Wu Jian
Xom
Yredelemnul
Zin
The Shining One


Message History

You start resting.
HP restored.
a - an amethyst potion
Things that are here:
a +1 short sword; a +0 robe 2 wights come into view.
Things that are here:
a +2 dagger; a +0 robe You shoot a bolt.
The bolt hits the wight but does no damage.
You shoot a bolt. The bolt closely misses the wight.
You shoot a bolt. The bolt completely misses the wight.
The wight hits you with a +4 flail!
You feel drained. The wight barely misses you.
You shoot a bolt. The bolt hits the wight!
The wight is severely damaged.
A jelly comes into view.
The wight hits you with a +4 flail! The wight barely misses you.
3593 ||| INVOKING Heroism.
You gain the combat prowess of a mighty hero.
The wight hits you with a +4 flail.
You feel drained. You block the wight's attack.
You shoot a bolt. The bolt barely misses the wight.
The jelly quivers.
The wight hits you with a +4 flail!
The wight hits you with a +0 long sword.
You feel drained. You block the wight's attack. x2
You shoot a bolt. The bolt closely misses the wight.
You block the wight's attack. The wight hits you but does no damage.
You shoot a bolt. The bolt hits the wight.
The wight is severely damaged.
The wight hits you with a +4 flail!
You feel drained. You block the wight's attack.
You shoot a bolt. The bolt hits the wight!!
You destroy the wight!
Okawaru accepts your kill. The jelly closely misses you.
You furiously retaliate!
You headbutt the jelly. The wight hits you with a +4 flail. The jelly hits you.
You are splashed with acid!
The wight hits you with a +4 flail.
You die...

..# ###
..#.. .....
... ...
#.## #z)#
#.. #@)#
#.. #J.#
##.# #..#
#..# #..#
#..# #..#
#..#
#..###..#
..
#.......#
..
#..#####.##
.###..
#..## ##.##
#.....


You could see a jelly and a wight.

Vanquished Creatures
  2 scorpions (D:5)
  4 wights (D:6)
  A jelly (D:4)
  A gnoll bouda (D:5)
  4 iguanas
  An orc wizard (D:5)
  2 adders
  4 gnolls (D:5)
  3 worms
  3 dart slugs
  2 orcs (D:5)
  9 endoplasms
  5 goblins
  11 hobgoblins
  6 jackals
  7 kobolds
  4 quokkas
  4 ball pythons
  4 bats
  4 frilled lizards
  5 rats
  A spectral orc (D:4)
87 creatures vanquished.

Notes
Turn   | Place    | Note
-------+----------+-------------------------------------------
     0 | D:1      | qw the Minotaur Hexslinger began the quest for the Orb.
     0 | D:1      | Reached XP level 1. HP: 16/16 MP: 1/1
     0 | D:1      | 0 ||| qw: Version: 0.3-a-46-gb1f654a
     0 | D:1      | 0 ||| qw: Game counter: 2349
     0 | D:1      | 0 ||| qw: Melee chars always use a shield: true
     0 | D:1      | 0 ||| qw: God list: Okawaru
     0 | D:1      | 0 ||| qw: Allow faded altars: false
     0 | D:1      | 0 ||| qw: Do Orc after clearing Dungeon:15 true
     0 | D:1      | 0 ||| qw: Do second Lair branch before Depths: true
     0 | D:1      | 0 ||| qw: Lair rune preference: random
     0 | D:1      | 0 ||| qw: Goals: Normal
     0 | D:1      | 0 ||| PLANNING D:1-11
   128 | D:1      | Reached skill level 3 in Ranged Weapons
   135 | D:1      | Reached XP level 2. HP: 23/23 MP: 2/2
   372 | D:1      | 372 ||| FLEEEEING.
   373 | D:1      | 373 ||| FLEEEEING.
   374 | D:1      | 374 ||| FLEEEEING.
   375 | D:1      | 375 ||| FLEEEEING.
   376 | D:1      | 376 ||| FLEEEEING.
   387 | D:1      | Reached XP level 3. HP: 24/29 MP: 3/3
   502 | D:1      | Found a faded altar of an unknown god.
   583 | D:1      | 583 ||| UPGRADING to +0 pair of gloves.
   588 | D:1      | 588 ||| UPGRADING to amulet of reflection.
   593 | D:1      | 593 ||| UPGRADING to +6 ring of strength.
   594 | D:1      | 594 ||| READING scroll labelled ULOAWN SAIPLY.
   599 | D:1      | 599 ||| READING scroll labelled AKHODOZXUH.
   653 | D:1      | 653 ||| READING scroll labelled BEFYLU WIWNE.
   654 | D:1      | 654 ||| READING scroll labelled PABUAT BUCIBUK.
   655 | D:1      | 655 ||| DROPPING scroll of poison.
   741 | D:2      | Reached skill level 4 in Ranged Weapons
  1042 | D:2      | 1042 ||| READING scroll labelled OSICZU JAENYESCH.
  1190 | D:3      | Reached XP level 4. HP: 36/36 MP: 4/4
  1711 | D:3      | 1711 ||| UPGRADING to +0 ring mail.
  1721 | D:3      | 1721 ||| DROPPING +0 robe.
  1722 | D:3      | 1722 ||| DROPPING amulet of guardian spirit.
  1723 | D:3      | 1723 ||| DROPPING amulet of regeneration.
  1724 | D:3      | 1724 ||| READING 2 scrolls labelled GUOLLEBLIWNU.
  1725 | D:3      | 1725 ||| DROPPING scroll of noise.
  1765 | D:4      | HP: 8/36 [iguana (8)]
  1766 | D:4      | 1766 ||| READING scroll of teleportation.
  1882 | D:4      | Reached skill level 1 in Armour
  1913 | D:4      | Reached skill level 5 in Ranged Weapons
  1951 | D:4      | Reached XP level 5. HP: 41/41 MP: 5/5
  1961 | D:4      | Found a staircase to the Ecumenical Temple.
  1962 | D:4      | 1962 ||| PLANNING TEMPLE
  1970 | D:4      | Reached skill level 3 in Fighting
  1975 | Temple   | Entered the Ecumenical Temple
  2000 | Temple   | 2000 ||| PLANNING OKAWARU WORSHIP
  2046 | Temple   | Became a worshipper of Warmaster Okawaru
  2047 | Temple   | 2047 ||| PLANNING D:1-11
  2272 | D:4      | Found a basalt altar of Yredelemnul.
  2330 | D:4      | Found a snail-covered altar of Cheibriados.
  2331 | D:4      | 2331 ||| SWAPPING to +0 arbalest.
  2332 | D:4      | 2332 ||| DROPPING +1 sling.
  2333 | D:4      | 2333 ||| UPGRADING to +0 pair of boots.
  2338 | D:4      | 2338 ||| READING scroll labelled FELOLI KAENA.
  2395 | D:4      | Found a shadowy altar of Dithmenos.
  2440 | D:5      | Entered Level 5 of the Dungeon
  2441 | D:5      | 2441 ||| PLANNING SEWER
  2499 | D:5      | 2499 ||| Stepping ~*~*~tactically~*~*~ (outnumbered).
  2510 | D:5      | HP: 8/45 [gnoll/+0 halberd[a gnoll bouda] (4)]
  2511 | D:5      | Reached skill level 6 in Ranged Weapons
  2511 | D:5      | 2511 ||| READING scroll of teleportation.
  2514 | D:5      | Reached XP level 6. HP: 10/51 MP: 6/6
  2850 | D:5      | Reached * piety under Okawaru
  3108 | D:5      | 3108 ||| RIP SEWER
  3244 | D:5      | 3244 ||| PLANNING D:1-11
  3301 | D:5      | 3301 ||| UPGRADING to +0 cloak.
  3306 | D:5      | 3306 ||| READING scroll labelled GALUMI WASY.
  3407 | D:5      | 3407 ||| READING scroll labelled XEYPRI VIACKE.
  3408 | D:5      | 3408 ||| READING scroll labelled ACOCEF ETRONONK.
  3409 | D:5      | 3409 ||| DRINKING 2 puce potions.
  3409 | D:5      | Gained mutation: You are weak. (Str -2) [potion of
                  | mutation]
  3409 | D:5      | Gained mutation: You are dopey. (Int -2) [potion of
                  | mutation]
  3409 | D:5      | Lost mutation: You are weak. (Str -2) [potion of mutation]
  3450 | D:6      | Reached skill level 1 in Invocations
  3459 | D:6      | 3459 ||| INVOKING Heroism.
  3464 | D:6      | Reached XP level 7. HP: 22/60 MP: 4/7
  3593 | D:6      | 3593 ||| INVOKING Heroism.
  3597 | D:6      | HP: 12/54 [wight/+4 flail (5)]
  3597 | D:6      | HP: 4/54 [acid (7)]
  3597 | D:6      | Slain by a wight

Levels and vault maps discovered:
D:1:      dpeg_arrival_long_road, layout_rooms,
          hellmonk_ecumenical_altar_zigzags, minmay_misc_feat_secret_circle,
          patterned_corridor
D:2:      layout_basic, chequers_serial_rivers_small_a
D:3:      layout_loops_ring
D:4:      layout_cave_pools, cheibrodos_worm_habitat,
          yredelemnul_forgotten_temple_becter,
          mainiacjoe_overflow_six_doors_small, minmay_temple_entry_slanted,
          hangedman_decor_slide_cut
D:5:      layout_basic, portal_sewer_entry_d, serial_bayou_pond_e, minivault_26,
          interstate_on_off
D:6:      layout_cave_pods
Temple:   eino_wide_crystal_templ

Skill      XL: |  1  2  3  4  5  6 |
---------------+-------------------+-----
Ranged Weapons | 3 4 5 6 |  6.8
Fighting       | 2 3 4 |  4.6
Armour         | 1 2 |  2.3
Invocations    | 1 |  1.9
Dodging        | |  2.1
Spellcasting   | |  1.0
Hexes          | |  2.0

Action                     |  1- 3 |  4- 6 |  7- 9 || total
---------------------------+-------+-------+-------++-------
   Fire: Sling             |   144 |    88 |       ||   232
         Arbalest          |       |    51 |    10 ||    61
 Invoke: Heroism           |       |     1 |     1 ||     2
    Use: Scroll            |     5 |     7 |       ||    12
         Potion            |       |     1 |       ||     1
 Armour: Robe              |     7 |     3 |       ||    10
         Ring mail         |       |    22 |     1 ||    23
  Dodge: Dodged            |    27 |    64 |     4 ||    95
  Block: Other             |     2 |    23 |     5 ||    30

Table legend:
 A = Non-vault XP
 B = Vault XP
 C = Vault XP percentage of total XP
 D = Non-vault monster count
 E = Vault monster count
 F = Vault count percentage of total count
                 A         B        C        D         E       F
            +---------+---------+-------+---------+---------+-------
      Total |     924 |      19 |   2.0 |      84 |       3 |   3.4
            +---------+---------+-------+---------+---------+-------
        D:1 |      50 |       0 |   0.0 |      28 |       0 |   0.0
        D:2 |      36 |       0 |   0.0 |      18 |       0 |   0.0
        D:3 |      33 |       0 |   0.0 |      12 |       0 |   0.0
        D:4 |     133 |       6 |   4.3 |      10 |       2 |  16.7
        D:5 |     374 |      13 |   3.4 |      12 |       1 |   7.7
        D:6 |     298 |       0 |   0.0 |       4 |       0 |   0.0
            +---------+---------+-------+---------+---------+-------
